 Dungeon Crawl Stone Soup version 0.20-a0-1000-g0e8f6bb (webtiles) character file.

2030 Murumi the Covert (level 9, 0/78 HPs)
             Began as a Naga Enchanter on Apr 12, 2017.
             Was a Believer of Cheibriados.
             Slain by an ogre
             ... wielding a +0 giant spiked club
              (23 damage)
             ... on level 7 of the Dungeon.
             The game lasted 00:30:04 (7856 turns).

Murumi the Covert (Naga Enchanter)                  Turns: 7856, Time: 00:30:06

Health: 0/78       AC:  6    Str: 16    XL:     9   Next: 23%
Magic:  1/12       EV: 10    Int: 19    God:    Cheibriados [**....]
Gold:   237        SH:  0    Dex: 18    Spells: 6/12 levels left

rFire    + . .     SeeInvis +   q - +0 dagger (venom)
rCold    + . .     Gourm    +   (no shield)
rNeg     . . .     Faith    .   b - +0 robe
rPois    +         Spirit   .   f - +0 helmet
rElec    +         Reflect  .   x - scarf {repulsion}
rCorr    +         Harm     .   o - +0 pair of gloves
MR       +....                  (no barding)
Stlth    +++++.....             e - amulet of the gourmand
Regen    0.3/turn               (no ring)
MPRegen  0.2/turn               (no ring)

@: resistant, repel missiles, very slow
A: see invisible, deformed body, poison resistance, slowness 2, slow metabolism
1, spit poison 2, AC +3
a: Breathe Poison Gas, Bend Time, Renounce Religion


You were on level 7 of the Dungeon.
You worshipped Cheibriados.
Cheibriados was pleased with you.
You were not hungry.

You visited 2 branches of the dungeon, and saw 8 of its levels.

You collected 237 gold pieces.

Inventory:

Hand Weapons
 q - a +0 dagger of venom (weapon)
Armour
 b - a +0 robe (worn)
 f - a +0 helmet (worn)
 o - a +0 pair of gloves (worn)
 x - a scarf of repulsion (worn)
Jewellery
 e - an amulet of the gourmand (around neck)
 v - an uncursed amulet of guardian spirit {unknown}
Wands
 a - a wand of lightning (8/15)
 l - a wand of polymorph (4/24)
Scrolls
 g - 4 scrolls of teleportation
 k - 2 scrolls of remove curse
 n - 2 scrolls of enchant armour
 p - a scroll of magic mapping
 r - a scroll of amnesia
 s - a scroll of fog
Potions
 h - 2 potions of curing
 j - a potion of cancellation
 t - a potion of agility
 w - a potion of brilliance {unknown}
 z - a potion of haste {unknown}
Books
 c - a book of Maledictions

   Spells                             Type                      Level
   a - Corona                         Hexes                        1
   b - Ensorcelled Hibernation        Hexes/Ice                    2
   c - Confuse                        Hexes                        3
   d - Tukima's Dance                 Hexes                        3
   e - Dazzling Spray                 Conjuration/Hexes            3
Comestibles
 d - 5 bread rations
 i - 4 meat rations
 m - 2 royal jellies


   Skills:
 - Level 4.2 Fighting
 - Level 8.0 Short Blades
 - Level 2.0 Dodging
 + Level 11.8 Stealth
 - Level 2.0 Spellcasting
 - Level 3.0 Hexes


You had 6 spell levels left.
You knew the following spells:

 Your Spells              Type           Power        Failure   Level  Hunger
a - Confuse               Hex            ##......     14%         3    ###....
b - Ensorcelled Hibernat  Hex/Ice        #.....       14%         2    ###....
d - Apportation           Tloc           #.....       17%         1    #......


Dungeon Overview and Level Annotations

Branches:
Dungeon (7/15)             Temple (1/1) D:5

Altars:
Ashenzari
Cheibriados
Dithmenos
Elyvilon
Fedhas
Gozag
Hepliaklqana
Kikubaaqudgha
Makhleb
Nemelex Xobeh
Okawaru
Qazlal
Ru
Sif Muna
Trog
Uskayaw
Vehumet
Wu Jian
Xom
Yredelemnul
Zin
The Shining One

Shops:
D:5 }   D:6 }

Annotations:
D:4 cirnu's ghost, novice DsFi


Innate Abilities, Weirdness & Mutations

You cannot wear boots.
Your serpentine skin is tough. (AC +3)
You have supernaturally acute eyesight. (SInv)
Armour fits poorly on your strangely shaped body.
Your system is resistant to poisons. (rPois)
You cover ground very slowly.
You have a slow metabolism.
You can exhale a cloud of poison.


Message History

The ogre resists with some effort.
The hound skeleton bites you but does no damage.
The giant cockroach bites you but does no damage.
The hound skeleton barely misses you.
Evoke which item? (* to show all) (? for menu, Esc to quit)
Okay, then.
The giant cockroach completely misses you.
The ogre barely misses you. The giant cockroach closely misses you.
The giant cockroach barely misses you. The hound skeleton bites you.
The ogre hits you with a giant spiked club!
* * * LOW HITPOINT WARNING * * *
The hound skeleton bites you but does no damage.
The giant cockroach bites you but does no damage.
It was a potion of resistance.
You feel protected.
The hound skeleton bites you but does no damage.
The giant cockroach waves its antennae.
The giant cockroach barely misses you.
The ogre hits you with a giant spiked club!!
You die...

... ... #.#
#.# # #.# .#
##.####.# #
#.......##.#
#.@......$.#
#OZs....#..
#.<.....#
#.......#
#.......#
#.....[.#.
#.........
#.......#..
#.........#.


You could see an ogre, a giant cockroach and a hound skeleton.

Vanquished Creatures
  Pikel (D:5)
  The ghost of cirnu the Skirmisher, an amateur DsFi (D:3)
  Menkaure (D:4)
  A slave (D:5)
  A sky beast (D:5)
  A phantom (D:6)
  2 ogres
  2 bullfrogs (D:6)
  A water moccasin skeleton (D:4)
  2 howler monkeys (D:6)
  A centaur skeleton (D:5)
  2 hounds (D:5)
  2 orc priests
  An orc wizard (D:6)
  8 worker ants
  2 hound zombies
  3 worker ant zombies
  Robin (D:3)
  7 gnolls
  A howler monkey skeleton (D:4)
  4 adders
  A shadow imp (D:6)
  2 oozes
  3 adder zombies
  3 adder skeletons
  2 dart slugs (D:3)
  6 leopard geckos
  14 orcs
  7 giant cockroaches
  12 goblins
  8 hobgoblins
  19 jackals
  A quokka (D:4)
  3 ball pythons
  8 bats
  8 frilled lizards
  2 jackal zombies (D:4)
  6 kobolds
  A leopard gecko skeleton (D:4)
  3 leopard gecko zombies (D:4)
  4 quokka skeletons
  A quokka zombie (D:4)
  2 rats
161 creatures vanquished.

Vanquished Creatures (others)
  An ice beast (D:5)
  A scorpion (D:5)
  A giant cockroach (D:5)
3 creatures vanquished.

Grand Total: 164 creatures vanquished

Notes
Turn   | Place    | Note
-------+----------+-------------------------------------------
     0 | D:1      | Murumi the Naga Enchanter began the quest for the Orb.
     0 | D:1      | Reached XP level 1. HP: 15/15 MP: 3/3
   204 | D:1      | Reached XP level 2. HP: 19/22 MP: 5/5
   414 | D:1      | Reached skill level 5 in Stealth
  1069 | D:2      | Learned a level 2 spell: Ensorcelled Hibernation
  1072 | D:2      | Reached XP level 3. HP: 28/28 MP: 3/6
  1117 | D:2      | Reached skill level 6 in Stealth
  1413 | D:2      | Found a burning altar of Makhleb.
  2331 | D:3      | Reached skill level 7 in Stealth
  2331 | D:3      | Reached XP level 4. HP: 23/36 MP: 2/7
  2651 | D:3      | Noticed cirnu's ghost (amateur DsFi)
  2671 | D:3      | Killed cirnu's ghost
  2671 | D:3      | Reached XP level 5. HP: 18/50 MP: 8/8
  2927 | D:3      | Reached XP level 6. HP: 56/57 MP: 9/9
  2975 | D:3      | Learned a level 3 spell: Confuse
  3078 | D:3      | Found a faded altar of an unknown god.
  3577 | D:3      | Reached skill level 8 in Stealth
  3872 | D:4      | Noticed Robin
  3872 | D:4      | Noticed cirnu's ghost (novice DsFi)
  3897 | D:3      | Reached skill level 9 in Stealth
  3902 | D:3      | Reached XP level 7. HP: 50/64 MP: 1/10
  4488 | D:3      | Killed Robin
  4651 | D:4      | Noticed Menkaure
  4652 | D:4      | Killed Menkaure
  4678 | D:4      | Reached skill level 10 in Stealth
  4992 | D:4      | Reached skill level 11 in Stealth
  5496 | D:4      | Reached XP level 8. HP: 71/72 MP: 11/11
  5797 | D:5      | Entered Level 5 of the Dungeon
  5811 | D:5      | Found a hide-covered altar of Uskayaw.
  5813 | D:5      | Found a deep blue altar of Sif Muna.
  5995 | D:5      | Found a staircase to the Ecumenical Temple.
  6002 | Temple   | Entered the Ecumenical Temple
  6267 | D:5      | Found a snail-covered altar of Cheibriados.
  6275 | D:5      | Became a worshipper of Cheibriados the Contemplative
  6298 | D:5      | Found Zeypatae's Gadget Boutique.
  6312 | D:5      | Noticed Pikel
  6332 | D:5      | Killed Pikel
  6333 | D:5      | HP: 1/72 [hound (4)]
  6344 | D:5      | Gained mutation: You can exhale a cloud of poison. [mutagenic meat]
  6838 | D:5      | Learned a level 1 spell: Apportation
  6910 | D:6      | Reached XP level 9. HP: 78/78 MP: 12/12
  7069 | D:6      | Found Hudablau's Gadget Emporium.
  7128 | D:6      | Reached * piety under Cheibriados
  7634 | D:7      | Reached ** piety under Cheibriados
  7856 | D:7      | Slain by an ogre

Vault maps used:
D:1:      arrival_zaba_pyramid
D:2:      bloody_makhleb, first_bread
D:3:      chequers_ecumenical_altar_simple_redux
D:4:      serial_undead, serial_undead_a, serial_undead_e, serial_undead_c,
          serial_undead_c, serial_undead_f, gup_sewer_entry_pipe, uniq_menkaure,
          uniq_robin
D:5:      gammafunk_temple_overflow_forgotten, temple_green, serial_shops,
          nicolae_shop_trees, fountainhead, uniq_pikel
D:6:      serial_shops, shop
D:7:      grunt_ogre_cave
Temple:   dpeg_five_rooms_temple

Skill      XL: |  1  2  3  4  5  6  7  8  9 |
---------------+----------------------------+-----
Dodging        | 2 |  2.0
Stealth        | 5 7 9 11 | 11.8
Fighting       | 3 4 |  4.2
Short Blades   | 3 7 8 |  8.0
Spellcasting   | |  2.0
Hexes          | |  3.0

Action                   |  1- 3 |  4- 6 |  7- 9 || total
-------------------------+-------+-------+-------++-------
Melee: Dagger            |    92 |   131 |   371 ||   594
 Cast: Ensorcelled Hiber |     3 |     5 |    30 ||    38
       Confuse           |       |       |     9 ||     9
Invok: Bend Time         |       |       |     1 ||     1
 Abil: Spit Poison       |    13 |    18 |     9 ||    40
       Breathe Poison Ga |       |       |     5 ||     5
  Use: Scroll            |     9 |     1 |     5 ||    15
       Potion            |     2 |     1 |     2 ||     5
 Stab: Sleeping          |     8 |     6 |    22 ||    36
       Distracted        |       |     1 |     3 ||     4
       Confused          |       |       |     5 ||     5
  Eat: Chunk             |     4 |     5 |    20 ||    29
Armor: Robe              |    25 |    62 |   135 ||   222
Dodge: Dodged            |    55 |    67 |   233 ||   355
